 Seeded DCSS version 0.29-a0-878-g7b45a56547 (webtiles) character file.

Game seed: 10092441578668863297 (custom seed)

208 zeratav the Cudgeller (level 5, -2/32 HPs)
             Began as a Gargoyle Fighter on July 20, 2022.
             Slain by a gnoll
             ... wielding a +0 halberd
              (10 damage)
             ... on level 3 of the Dungeon.
             The game lasted 00:02:29 (2811 turns).

zeratav the Cudgeller (Gargoyle Fighter)            Turns: 2811, Time: 00:02:30

Health: -2/32      AC: 10    Str: 21    XL:     5   Next: 86%
Magic:  5/5        EV:  9    Int:  9    God:
Gold:   145        SH:  4    Dex:  9    Spells: 4/4 levels left

rFire   . . .      SeeInvis .   a - +0 flail {mace}
rCold   . . .      Faith    .   c - +0 buckler
rNeg    + . .      Spirit   .   b - +0 scale mail
rPois   ∞          Reflect  .   (no helmet)
rElec   +          Harm     .   (no cloak)
rCorr   .          Rampage  .   (no gloves)
Will    +....                   (no boots)
Stlth   ..........              (no amulet)
HPRegen 0.10/turn               t - ring of willpower
MPRegen 0.09/turn               (no ring)

@: studying Maces & Flails
A: sickness immunity, AC +4, negative energy resistance 1, electricity
resistance, torment resistance 1, petrification resistance
a: no special abilities


You were on level 3 of the Dungeon.
You visited 1 branch of the dungeon, and saw 3 of its levels.

You collected 145 gold pieces.


Innate Abilities, Weirdness & Mutations

You are immune to sickness and miasma.
Your stone body is resilient. (AC +4)
You are immune to poison.
You resist negative energy. (rN+)
You are resistant to electric shocks. (rElec)
You are resistant to unholy torment.
You are immune to petrification.


   Skills:
 - Level 3.2 Fighting
 + Level 6.3 Maces & Flails
 - Level 3.2 Armour
 - Level 3.2 Shields


You had 4 spell levels left.
You didn't know any spells.
Your spell library was empty.

Inventory:

Hand Weapons
 a - a +0 flail (weapon) {mace}
 g - a +0 eveningstar {macerare=g}
   (You found it on level 1 of the Dungeon)
 k - a +4 whip {mace}
   (You found it on level 2 of the Dungeon)
Armour
 b - a +0 scale mail (worn)
 c - a +0 buckler (worn)
Jewellery
 t - a ring of willpower (left hand)
   (You found it on level 3 of the Dungeon)
Scrolls
 e - 2 scrolls of poison {unknown}
 f - a scroll of summoning {unknown}
 i - 4 scrolls of identify {@r1}
 m - a scroll of fear {unknown}
 n - a scroll of brand weapon {unknown}
 o - a scroll of silence {unknown}
 p - a scroll of magic mapping {unknown}
 q - a scroll of immolation {unknown}
 r - 2 scrolls of teleportation {unknown}
Potions
 d - 2 potions of might
 h - 2 potions of curing {unknown}
 j - a potion of lignification {unknown}
 l - a potion of magic {unknown}
 s - a potion of mutation {unknown}
 u - a potion of brilliance

Dungeon Overview and Level Annotations

Branches:
Dungeon (3/15) Zot: 15126

Altars:

#.#####..# #..#
##.# #.##
######..## #..#
##).)......
#..###g#.###).##
#..##.###.#
#...g## #..
##.##@# ##.
#.###.# # #.#
#.# #.# .# #.. .
#.# ## #..


You could see a gnoll.


Message History

A bat is nearby!
You block the bat's attack. The bat hits you but does no damage.
You block the bat's attack.
You hit the bat.
You kill the bat!
No target in view!
No target in view!
No target in view!
No target in view!
No target in view!
No target in view!
No target in view!
No target in view!
No target in view!
A hobgoblin comes into view.
A hobgoblin is nearby!
A hobgoblin is nearby!
The hobgoblin completely misses you.
You thump the hobgoblin!
You kill the hobgoblin!
No target in view!
No target in view!
No target in view!
No target in view!
No target in view!
No target in view!
No target in view!
No target in view!
No target in view!
No target in view!
u - a potion of brilliance You now have 145 gold pieces (gained 19).
A ball python and 3 gnolls come into view.
The ball python hisses angrily.
The gnoll shouts! x3; You hear a shout!
The gnoll moves out of view.
You hear a shout!
You see here a scroll labelled POTEKH HAGRYL.
There are monsters nearby!
There are monsters nearby!
A gnoll comes into view. It is wielding a +0 halberd.
An orc comes into view. It is wielding a +0 mace.
The gnoll hits you with a +3 whip!
HP[-7]
You take 7 damage, and now have 25/32 hp.
MASSIVE DAMAGE!! (PAUSE)
You sock the gnoll! The gnoll barely misses you.
You hit the gnoll but do no damage. The gnoll hits you with a +3 whip.
HP[-4]
You take 4 damage, and now have 21/32 hp.
You barely miss the gnoll. You block the gnoll's attack.
You sock the gnoll!
You kill the gnoll!
The ball python barely misses you. x2
You closely miss the ball python. The ball python barely misses you. x2
You hit the ball python.
You kill the ball python!
You block the gnoll's attack.
Your Maces & Flails skill increases to level 6!
You hit the gnoll but do no damage. The gnoll hits you with a +0 flail.
HP[-3]
You take 3 damage, and now have 18/32 hp.
You barely miss the gnoll. The gnoll hits you but does no damage.
You barely miss the gnoll. The gnoll barely misses you.
HP[+1]
You completely miss the gnoll. The gnoll closely misses you.
You closely miss the gnoll. The gnoll hits you with a +0 flail!
* * * LOW HITPOINT WARNING * * *
You are too injured to fight recklessly!
HP[-8]
You take 8 damage, and now have 11/32 hp.
MASSIVE DAMAGE!! (PAUSE)
You are too injured to fight recklessly!
You are too injured to fight recklessly!
You are too injured to fight recklessly!
You are too injured to fight recklessly!
You are too injured to fight recklessly!
The gnoll attacks as you move away! The gnoll barely misses you.
You see here a scroll labelled POTEKH HAGRYL.
You thump the gnoll!
You kill the gnoll!
You barely miss the orc. The orc barely misses you.
You thump the orc!
You kill the orc!
HP[+1]
You block the gnoll's attack.
The gnoll hits you from afar with a +0 halberd.
* * * LOW HITPOINT WARNING * * *
HP[-5]
You take 5 damage, and now have 7/32 hp.
You closely miss the gnoll. The gnoll barely misses you.
You sock the gnoll! The gnoll closely misses you.
You closely miss the gnoll. The gnoll barely misses you.
You hit the gnoll. The gnoll hits you but does no damage.
You hit the gnoll.
You kill the gnoll!
HP[+1]
You barely miss the gnoll. You block the gnoll's attack.
The gnoll hits you but does no damage.
You closely miss the gnoll. The gnoll hits you with a +0 halberd!
You die...

Skill      XL: |  1  2  3  4  5 |
---------------+----------------+-----
Maces & Flails | 3 4 5 6 |  6.3
Fighting       | |  3.2
Armour         | |  3.2
Shields        | |  3.2

Action                   |  1- 3 |  4- 6 || total
-------------------------+-------+-------++-------
Melee: Flail             |   128 |    95 ||   223
  Use: Scroll            |       |     2 ||     2
Armor: Scale mail        |   122 |    54 ||   176
Dodge: Dodged            |    86 |    47 ||   133
Block: Buckler           |    34 |    16 ||    50

Levels and vault maps discovered:
D:1:      dpeg_arrival_round_b, layout_loops_ring, basic_ecumenical_altar,
          st_stairs_7, minmay_box_of_dots
D:2:      layout_rooms, uniq_natasha
D:3:      layout_loops_ring

Notes
Turn   | Place    | Note
-------+----------+-------------------------------------------
     0 | D:1      | zeratav the Gargoyle Fighter began the quest for the Orb.
     0 | D:1      | Reached XP level 1. HP: 14/14 MP: 1/1
     0 | D:1      | magus.rc [v1.9.6]
   188 | D:1      | Reached XP level 2. HP: 18/19 MP: 2/2
   347 | D:1      | Reached skill level 3 in Maces & Flails
   445 | D:1      | Reached XP level 3. HP: 14/23 MP: 3/3
   652 | D:1      | g - a +0 eveningstar {macerare=g}
   799 | D:1      | Found a faded altar of an unknown god.
  1212 | D:2      | Reached skill level 4 in Maces & Flails
  1243 | D:2      | Reached XP level 4. HP: 18/28 MP: 4/4
  1596 | D:2      | Noticed Natasha
  1602 | D:2      | HP: 7/28 [Natasha/magic dart (10)]
  1603 | D:2      | Killed Natasha
  1970 | D:2      | Noticed Natasha
  1979 | D:2      | Killed Natasha
  1980 | D:2      | Reached skill level 5 in Maces & Flails
  1980 | D:2      | Reached XP level 5. HP: 28/32 MP: 5/5
  2314 | D:2      | Noticed Natasha
  2329 | D:2      | Killed Natasha
  2483 | D:3      | Identified a scroll of acquirement
  2484 | D:3      | Acquired a manual of Maces & Flails
  2789 | D:3      | Reached skill level 6 in Maces & Flails
  2802 | D:3      | HP: 7/32 [gnoll/+0 halberd (5)]
  2811 | D:3      | Slain by a gnoll

Vanquished Creatures
  Natasha (thrice) (D:2)
  3 gnolls (D:3)
  5 adders
  2 dart slugs
  An orc (D:3)
  3 ball pythons
  4 endoplasms
  2 giant cockroaches (D:2)
  4 goblins
  4 hobgoblins
  11 jackals (D:1)
  2 kobolds
  3 quokkas (D:1)
  8 bats
  A frilled lizard (D:2)
  4 rats (D:1)
60 creatures vanquished.

Table legend:
 A = Non-vault XP
 B = Vault XP
 C = Vault XP percentage of total XP
 D = Non-vault monster count
 E = Vault monster count
 F = Vault count percentage of total count
                 A         B        C        D         E       F
            +---------+---------+-------+---------+---------+-------
      Total |     261 |      37 |  12.4 |      56 |       4 |   6.7
            +---------+---------+-------+---------+---------+-------
        D:1 |      53 |       4 |   7.0 |      27 |       3 |  10.0
        D:2 |     141 |      33 |  19.0 |      18 |       1 |   5.3
        D:3 |      67 |       0 |   0.0 |      11 |       0 |   0.0
            +---------+---------+-------+---------+---------+-------

Illustrated notes

Table legend:
 A = Kills in this place as a percentage of kills in entire the game.
 B = Kills by you in this place as a percentage of kills by you in the entire game.
 C = Kills by friends in this place as a percentage of kills by friends in the entire game.
 D = Other kills in this place as a percentage of other kills in the entire game.
 E = Experience gained in this place as a percentage of experience gained in the entire game.
 F = Experience gained in this place divided by the number of levels of this place that you have seen.
                   A       B       C       D       E      F
               +-------+-------+-------+-------+-------+----------------------
         Total | 100.0 | 100.0 |   N/A |   N/A | 100.0 |  99.3
       Dungeon | 100.0 | 100.0 |   N/A |   N/A | 100.0 |  99.3
               +-------+-------+-------+-------+-------+----------------------

Table legend: (Time is in decaauts)
 A = Elapsed time spent in this place.
 B = Non-inter-level travel time spent in this place.
 C = Inter-level travel time spent in this place.
 D = Time resting spent in this place.
 E = Time spent auto-exploring this place.
 F = Levels seen in this place.
 G = Mean time per level.
                   A        B        C        D        E       F      G
               +--------+--------+--------+--------+--------+-----+--------+
         Total |   2872 |   2843 |     29 |    222 |   2192 |   3 |  957.3 |
       Dungeon |   2872 |   2843 |     29 |    222 |   2192 |   3 |  957.3 |
               +--------+--------+--------+--------+--------+-----+--------+

Top non-repeatable levels by time:
     D:2: 1288 daAuts
     D:1: 1220 daAuts
     D:3: 362 daAuts
